Map: Inside and Out

Players

MeomaikA - Winner!

  • Race: Zerg Zerg
  • Spawn Location: 7:00

RiSky

  • Race: Zerg Zerg
  • Spawn Location: 1:00

Event: DreamHack SC2 Masters 2022 Atlanta (Online)

VOD

Have the link to the VOD?

Description

Time

  • Played on: Sept. 28, 2022, 6:44 a.m.
  • Length: 6:50

All games in this series

Show
View Real Time Build Order
Export as new Build Order

MeomaikA Zerg - Winner!

Build Orders: Pool First 

Get SALT Encoding   

  12  0:00  Drone  
  13  0:12  Overlord  
  13  0:16  Drone  
  14  0:31  Drone x2  
  14  0:34  Drone  
  17  0:45  Spawning Pool  
  17  0:47  Drone  
  17  1:07  Hatchery  
  17  1:09  Drone  
  17  1:12  Extractor  
  17  1:15  Drone  
  17  1:31  Zergling x4, Queen  
  21  1:39  Drone  
  22  1:49  Overlord  
  22  2:07  Queen  
  22  2:08  Drone  
  25  2:11  Metabolic Boost, Drone  
  26  2:18  Queen  
  26  2:20  Drone  
  29  2:25  Drone  
  29  2:30  Drone  
  29  2:32  Drone  
  31  2:39  Drone  
  31  2:40  Drone x2  
  31  2:42  Drone  
  35  2:45  Drone  
  35  2:51  Overlord  
  36  3:02  Baneling Nest  
  36  3:04  Zergling x2  
  36  3:10  Zergling x4  
  38  3:13  Zergling x2  
  38  3:18  Zergling x2  
  41  3:20  Zergling x2  
  41  3:26  Zergling x6  
  44  3:32  Overlord x2  
  44  3:37  Roach Warren  
  44  3:38  Zergling x2  
  44  3:48  Baneling  
  44  3:50  Zergling x2  
  44  3:52  Zergling x8  
  44  3:53  Drone  
  42  3:59  Drone  
  42  4:00  Drone x2  
  39  4:18  Roach x3  
  39  4:19  Roach  
  47  4:26  Roach x3  
  47  4:27  Roach  
  55  4:37  Roach  
  55  4:38  Roach  
  56  4:39  Roach  
  56  4:42  Baneling x2  
  56  4:44  Zergling x2  
  59  4:47  Zergling x2  
  60  4:56  Overlord  
  60  4:57  Overlord  
  60  5:10  Baneling x3  
  60  5:15  Zergling x6  
  60  5:16  Zergling x6  
  60  5:19  Zergling x2  
  66  5:21  Zergling x2  
  66  5:24  Zergling x2  
  66  5:27  Baneling  
  66  5:28  Baneling  
  68  5:29  Zergling x2  
  68  5:31  Zergling x2  
  68  5:35  Zergling x2  
  71  5:37  Zergling x2  
  71  5:40  Zergling x2  
  73  5:46  Zergling x2  
  73  5:47  Zergling x2  
  73  5:48  Zergling x2  
  69  5:50  Zergling x2  
  69  5:52  Zergling x2  
  66  5:57  Zergling x4  
  66  6:00  Zergling x2  
  66  6:02  Baneling  
  64  6:04  Zergling x2  
  64  6:09  Zergling x4  
  63  6:16  Ravager  
  63  6:19  Zergling x2  
  63  6:20  Zergling x2  
  63  6:21  Zergling x2  
  63  6:22  Zergling x2  
  63  6:23  Zergling x2  
  64  6:31  Zergling x4  
Show
View Real Time Build Order
Export as new Build Order

RiSky Zerg 

Build Orders: Hatch First 

Get SALT Encoding   

  12  0:00  Drone  
  13  0:12  Overlord  
  13  0:17  Drone  
  14  0:30  Drone x2  
  16  0:48  Hatchery  
  15  0:51  Drone  
  15  0:54  Drone  
  17  0:58  Drone  
  18  1:09  Extractor  
  17  1:14  Spawning Pool  
  17  1:16  Drone  
  17  1:20  Drone  
  18  1:28  Drone  
  19  1:38  Drone  
  20  1:51  Drone  
  21  2:01  Queen x2  
  21  2:02  Zergling x4  
  27  2:09  Metabolic Boost  
  27  2:11  Overlord  
  27  2:14  Drone  
  28  2:28  Drone  
  28  2:30  Drone  
  28  2:33  Drone  
  28  2:36  Drone  
  31  2:42  Hatchery  
  30  2:50  Baneling Nest  
  30  2:51  Overlord  
  29  2:55  Drone x2  
  29  2:57  Zergling x2  
  32  3:06  Overlord  
  32  3:11  Drone  
  33  3:13  Zergling x4  
  33  3:15  Zergling x4  
  33  3:18  Zergling x4  
  39  3:27  Drone x2  
  39  3:31  Overlord, Evolution Chamber  
  39  3:33  Drone  
  41  3:34  Baneling x2  
  41  3:40  Baneling  
  41  3:43  Baneling  
  41  3:44  Zergling x6  
  44  3:48  Overlord  
  43  3:56  Zergling x8  
  43  4:00  Zergling x4  
  43  4:02  Baneling x2  
  46  4:11  Roach Warren  
  46  4:16  Drone x2  
  47  4:21  Drone x4  
  47  4:22  Drone  
  52  4:28  Overlord  
  52  4:45  Overlord x2  
  52  4:46  Extractor  
  52  4:52  Roach  
  58  4:53  Roach x3  
  58  4:55  Roach x3  
  58  4:58  Roach  
  64  5:02  Zergling x6  
  64  5:05  Zergling x2  
  68  5:07  Baneling  
  68  5:09  Queen  
  70  5:15  Baneling  
  70  5:27  Drone  
  70  5:28  Drone x8  
  78  5:30  Baneling x3  
  78  5:39  Roach x2  
  77  5:50  Roach x2  
  77  5:51  Roach  
  77  5:59  Roach  
  77  6:00  Roach  
  65  6:05  Roach  
  65  6:08  Zergling x8  
  65  6:09  Spine Crawler  
  65  6:11  Spine Crawler  
  64  6:13  Zergling x4, Queen  
  64  6:24  Roach x2  
  66  6:26  Roach  
Tags
 
Add a new tag
Caveats
  • Supply blocks, unpowered buildings, or Contaminate may cause inaccurate times.
  • Supply counts are checked every 10 seconds.